 Dungeon Crawl Stone Soup version 0.30-a0-2-gf48d83f5e2 (webtiles) character file.

Game seed: 13792287108707242534

13 ytrimaz the Insei (level 2, -1/18 HPs)
             Began as an Octopode Transmuter on Aug 20, 2022.
             Killed from afar by Sigmund (8 damage)
             ... with a magic dart
             ... on level 2 of the Dungeon.
             The game lasted 00:01:27 (978 turns).

ytrimaz the Insei (Octopode Transmuter)              Turns: 978, Time: 00:01:28

Health: -1/18      AC:  1    Str:  9    XL:     2   Next: 37%
Magic:  5/5        EV: 13    Int: 15    God:
Gold:   82         SH:  0    Dex: 12    Spells: 4/5 levels left

rFire   . . .      SeeInvis .      - Unarmed
rCold   + . .      Faith    .    (no shield)
rNeg    . . .      Spirit   .    (helmet currently unavailable)
rPois   .          Reflect  .    (no amulet)
rElec   .          Harm     .    b - ring of protection from cold
rCorr   .          Rampage  .    (no ring)
Will    .....      Rage     3%   (no ring)
Stlth   ++........               (no ring)
HPRegen 0.06/turn                (no ring)
MPRegen 0.09/turn                (no ring)
                                 (no ring)
                                 (no ring)

@: confused, appendages (expiring), on berserk cooldown, slowed, very slow
A: tentacle spike 3, almost no armour, amphibious, 8 rings, camouflage 1,
gelatinous body 1, (nimble swimmer 1), tentacles, berserk 1, devolution 1
a: End Transformation


You were on level 2 of the Dungeon.
One of your tentacles had grown a beastly spike.
You visited 1 branch of the dungeon, and saw 2 of its levels.

You collected 82 gold pieces.

Inventory:

Jewellery
 b - a ring of protection from cold (left tentacle)
Scrolls
 g - 2 scrolls of noise
Potions
 a - a potion of lignification
 d - a potion of curing
 f - a potion of attraction {unknown}


   Skills:
 - Level 1.0 Fighting
 - Level 2.0 Dodging
 + Level 3.6 Unarmed Combat
 + Level 2.1 Spellcasting
 - Level 2.0 Transmutations


You had 4 spell levels left.
You knew the following spells:

 Your Spells              Type           Power      Damage    Failure   Level
a - Beastly Appendage     Tmut           14%        N/A       10%         1

Your spell library contained the following spells:

 Spells                   Type           Power      Damage    Failure   Level
 Wereblood                Tmut           7%         N/A       14%         2
 Ensorcelled Hibernation  Hex/Ice        2%         N/A       32%         2
 Spider Form              Tmut/Pois      4%         N/A       41%         3
 Call Canine Familiar     Summ           1%         N/A       54%         3
 Gell's Gravitas          Tloc           1%         N/A       54%         3
 Lesser Beckoning         Tloc           1%         N/A       54%         3
 Portal Projectile        Hex/Tloc       2%         N/A       54%         3
 Teleport Other           Tloc           1%         N/A       54%         3
 Ice Form                 Ice/Tmut       4%         N/A       82%         4
 Anguish                  Hex/Necr       0%         N/A       91%         4
 Leda's Liquefaction      Hex/Erth       0%         N/A       91%         4


Dungeon Overview and Level Annotations

Branches:
Dungeon (2/15)

Altars:

Annotations:
D:2 Sigmund


Innate Abilities, Weirdness & Mutations

One of your tentacles has grown a beastly spike.
You cannot wear most types of armour.
You are amphibious.
You can wear up to eight rings at the same time.
Your skin changes colour to match your surroundings (Stealth+).
Your rubbery body absorbs attacks. (AC +1, EV +1)
((You are camouflaged when in or above water. (Stealth+)))
You have tentacles for arms and can constrict up to eight enemies at once.
You sometimes lose your temper in combat.
You have hidden genetic defects.


Message History

The endoplasm quivers.
A gnoll comes into view. It is wielding a +0 spear.
Found a scroll of enchant weapon.
A gnoll comes into view. It is wielding a +0 whip.
A bat and a goblin come into view.
The gnoll shouts!
The goblin shouts!
Sigmund casts a spell.
Sigmund flickers and vanishes!
Deactivating autopickup; reactivate with Ctrl-A.
A gnoll comes into view. It is wielding a +0 club.
The goblin moves out of view.
The endoplasm attacks as you move away! The endoplasm hits you.
Your transformation is almost over.
The endoplasm attacks as you move away! The endoplasm hits you.
It was a potion of mutation.
You feel extremely strange.
You feel a little pissed off.
You feel a hidden malignance growing inside you.
The endoplasm freezes you.
You are frozen.
You resist.
It was a potion of berserk rage.
A red film seems to cover your vision as you go berserk!
You feel yourself moving faster!
You feel mighty! Something hits you. The endoplasm freezes you.
You are frozen.
You resist.
You bludgeon the endoplasm!
You kill the endoplasm!
You hear some strange, mumbled words.
You are confused.
You bump into the rock wall.
You feel a strong urge to attack something.
Something hits you. The gnoll closely misses you.
Unknown command.
You bump into the rock wall.
You feel your anger nearly subside.
You are no longer berserk.
You are exhausted.
You feel yourself slow down.
You hear some strange, mumbled words.
A magic dart appears from out of thin air!
The magic dart hits you!
You die...

..........# ......$...#
## # ....>.)...#..##.# #
................#.#
.........###.##.#.# #
.........#...#....#....
.........g...#..#.....#.#
.....##.g{g.............
.b.. ####@##...........
..b #.....##.....## ..
###...........# .
#.###.......# #.#
#<......#
####.###.#.....#
#....[.........#
#.......##.....#
#.......##.....#


You could see 2 gnolls and a goblin.

Vanquished Creatures
  2 ball pythons (D:1)
  4 endoplasms
  A giant cockroach (D:1)
  A goblin (D:1)
  A hobgoblin (D:1)
  A bat (D:1)
  A rat (D:1)
11 creatures vanquished.

Vanquished Creatures (others)
  A plant (D:1)
1 creature vanquished.

Grand Total: 12 creatures vanquished

Notes
Turn   | Place    | Note
-------+----------+-------------------------------------------
     0 | D:1      | ytrimaz the Octopode Transmuter began the quest for the
                  | Orb.
     0 | D:1      | Reached XP level 1. HP: 13/13 MP: 3/3
    26 | D:1      | Found a faded altar of an unknown god.
   360 | D:1      | Reached XP level 2. HP: 18/18 MP: 5/5
   964 | D:2      | Noticed Sigmund
   972 | D:2      | Gained mutation: You sometimes lose your temper in combat.
                  | [potion of mutation]
   972 | D:2      | Gained mutation: You have hidden genetic defects. [potion
                  | of mutation]
   978 | D:2      | Killed from afar by Sigmund

Illustrated notes

Levels and vault maps discovered:
D:1:      sevenhm_arrival_forest_fort_small_4, layout_rooms,
          dreamdust_ecumenical_altar_grove
D:2:      cheibrodos_pilgrimage, layout_basic, uniq_crazy_yiuf_cottage,
          uniq_sigmund

Action                   || total
-------------------------++-------
Melee: Unarmed           ||    25
       Tentacles         ||     4
       Constrict         ||     3
       Kick              ||     4
       Punch             ||     1
 Cast: Beastly Appendage ||     6
  Use: Scroll            ||     6
       Potion            ||     2
 Stab: Sleeping          ||     1
Armor: Skin              ||     1
Dodge: Dodged            ||    13

Table legend: (Time is in decaauts)
 A = Elapsed time spent in this place.
 B = Non-inter-level travel time spent in this place.
 C = Inter-level travel time spent in this place.
 D = Time resting spent in this place.
 E = Time spent auto-exploring this place.
 F = Levels seen in this place.
 G = Mean time per level.
                   A        B        C        D        E       F      G
               +--------+--------+--------+--------+--------+-----+--------+
         Total |    974 |    968 |      6 |    200 |    628 |   2 |  487.0 |
       Dungeon |    974 |    968 |      6 |    200 |    628 |   2 |  487.0 |
               +--------+--------+--------+--------+--------+-----+--------+

Top non-repeatable levels by time:
     D:1: 733 daAuts
     D:2: 240 daAuts
